Map: Coda LE (Void)

Players

CranK - Winner!

  • Race: Terran Terran

Bop

  • Race: Zerg Zerg

VOD

Have the link to the VOD?

Description

Time

  • Played on: May 3, 2015, 1:32 a.m.
  • Length: 19:08
Show
View Real Time Build Order
Export as new Build Order

CranK Terran - Winner!

Build Orders: Command Center First (CC), Mech, Siege Tank Drop 

Get SALT Encoding   

  12  0:01  SCV  
  13  0:13  SCV  
  14  0:24  Supply Depot  
  14  0:25  SCV  
  15  0:46  SCV  
  16  0:58  SCV  
  17  1:09  Command Center  
  17  1:10  SCV  
  18  1:22  SCV  
  19  1:29  Barracks  
  19  1:32  Refinery  
  19  1:34  SCV  
  20  1:50  SCV  
  20  1:54  Refinery  
  21  2:02  SCV  
  22  2:16  Orbital Command  
  22  2:18  Marine  
  23  2:24  Orbital Command  
  23  2:28  Bunker  
  23  2:35  Factory  
  23  2:40  Barracks Reactor  
  23  2:42  SCV  
  24  2:51  SCV  
  24  2:55  SCV  
  26  3:01  Supply Depot  
  26  3:04  SCV  
  27  3:07  SCV  
  28  3:16  SCV  
  28  3:17  Marine x2  
  28  3:19  SCV  
  32  3:20  Factory Tech Lab  
  32  3:21  Starport  
  32  3:25  Supply Depot  
  32  3:29  SCV  
  32  3:31  SCV  
  34  3:39  Marine x2  
  34  3:40  Siege Tank  
  34  3:41  SCV  
  40  3:43  SCV  
  40  3:48  Supply Depot  
  41  3:53  SCV  
  41  3:55  SCV  
  43  3:59  Medivac  
  45  4:05  Command Center, SCV  
  45  4:07  SCV  
  47  4:11  Armory  
  47  4:17  SCV  
  47  4:19  SCV  
  47  4:20  Refinery  
  47  4:21  Refinery  
  47  4:22  Hellion x2  
  53  4:29  Supply Depot, SCV  
  54  4:31  SCV  
  55  4:41  Banshee, SCV  
  55  4:43  SCV  
  60  4:48  Hellion  
  60  4:51  Hellion  
  60  4:52  Supply Depot  
  64  4:53  SCV  
  64  4:55  SCV  
  64  4:58  Supply Depot  
  66  5:02  Supply Depot  
  66  5:05  SCV  
  67  5:08  SCV  
  68  5:14  Hellion  
  68  5:15  Hellion  
  68  5:16  Missile Turret  
  68  5:17  SCV  
  68  5:20  Missile Turret  
  73  5:28  SCV  
  77  5:29  Orbital Command  
  74  5:43  Missile Turret  
  74  5:45  Thor, Viking x2  
  74  5:49  Missile Turret  
  79  5:53  Terran Vehicle and Ship Weapons Level 1  
  78  6:00  Missile Turret  
  76  6:06  Missile Turret  
  76  6:10  SCV x2  
  77  6:23  Factory  
  77  6:25  Starport Tech Lab  
  77  6:27  SCV x2, Factory, Thor  
  85  6:39  SCV  
  86  6:49  SCV  
  86  6:51  SCV  
  88  7:01  Supply Depot  
  85  7:03  Missile Turret  
  85  7:05  Missile Turret  
  85  7:06  Supply Depot  
  85  7:08  Hellion x2  
  89  7:10  Thor  
  95  7:16  Supply Depot  
  95  7:17  Supply Depot  
  95  7:25  Thor  
  95  7:29  Hellion x2  
  105  7:41  Orbital Command  
  101  7:49  Missile Turret  
  101  7:52  Missile Turret  
  101  8:07  Starport Tech Lab  
  101  8:09  Refinery  
  101  8:10  Hellion x2  
  101  8:11  Refinery, Terran Vehicle and Ship Weapons Level 2  
  117  8:17  Factory  
  117  8:19  Factory  
  93  8:37  SCV x2  
  95  8:49  SCV x2, Missile Turret  
  95  8:52  Thor  
  95  8:53  Thor, Hellion x2  
  113  8:55  Banshee  
  113  8:56  Cloaking Field  
  113  9:01  SCV x2  
  100  9:13  SCV  
  100  9:16  Factory Tech Lab, Factory Reactor  
  95  9:25  Hellion x2  
  93  9:33  Supply Depot  
  93  9:35  Supply Depot, Thor x2, SCV x3  
  108  9:38  Raven  
  108  9:40  Supply Depot, Thor  
  116  9:47  SCV  
  116  9:51  SCV x2  
  119  9:59  SCV  
  90  10:08  Hellion x4  
  90  10:12  SCV  
  90  10:13  SCV x2  
  96  10:19  Thor  
  96  10:20  Thor  
  108  10:23  Thor  
  114  10:30  Hellion x4  
  114  10:51  Hellion x4  
  122  11:02  Thor  
  134  11:04  Infernal Pre-Igniter  
  128  11:12  Factory Tech Lab  
  128  11:16  Hellion x2  
  128  11:17  Hellion x2  
  136  11:21  Thor  
  142  11:34  Command Center  
  142  11:35  Banshee  
  142  11:36  Command Center  
  142  11:37  Hellion x2  
  142  11:38  Command Center, Hellion x2  
  159  12:00  Supply Depot x2  
  159  12:12  Unknown  
  159  12:15  Terran Vehicle and Ship Weapons Level 3  
  159  12:21  Banshee, Engineering Bay  
  162  12:31  Cyclone x3  
  162  12:47  Orbital Command  
  150  12:58  Hellion x4  
  158  13:03  Cyclone x3  
  158  13:04  Banshee  
  168  13:23  Hellion x4  
  168  13:35  Cyclone x3  
  169  13:46  Banshee  
  169  13:48  Hellion x4  
  174  14:07  Cyclone x2  
  183  14:12  Hellion x2  
  183  14:14  Hellion  
  189  14:29  Banshee  
  181  14:43  Thor  
  187  14:48  Hellion  
  187  14:49  Hellion  
  187  14:51  Thor  
  148  15:10  Hellion  
  148  15:11  Hellion  
  148  15:12  Banshee  
  155  15:26  Cyclone  
  158  15:34  Cyclone  
  155  15:41  Hellion x2  
  120  15:55  Banshee  
  111  15:58  Cyclone  
  111  16:02  Hellion x2  
  114  16:06  Cyclone  
  88  16:28  Hellion x2  
  82  16:38  Banshee  
  85  16:40  Thor  
  91  16:58  Hellion x3  
  57  17:37  Orbital Command  
  57  17:42  Hellion x2  
  61  18:05  SCV  
  61  18:06  SCV  
  63  18:25  Thor  
  63  18:27  Hellion x2  
Show
View Real Time Build Order
Export as new Build Order

Bop Zerg 

Build Orders: Hatch First 

Get SALT Encoding   

  12  0:01  Drone  
  13  0:15  Overlord  
  13  0:18  Drone  
  14  0:33  Drone x2  
  16  0:37  Drone  
  17  0:55  Hatchery  
  16  0:58  Drone  
  16  1:01  Drone  
  18  1:10  Drone  
  19  1:13  Extractor  
  18  1:22  Spawning Pool  
  17  1:27  Extractor  
  17  1:29  Drone  
  18  1:38  Drone  
  19  1:43  Extractor  
  19  1:46  Drone  
  20  1:54  Drone  
  21  2:02  Drone  
  21  2:08  Queen  
  22  2:09  Queen  
  22  2:11  Overlord  
  22  2:14  Metabolic Boost  
  26  2:19  Zergling x2  
  27  2:25  Drone  
  28  2:32  Drone x2  
  30  2:37  Drone  
  30  2:41  Drone  
  32  2:47  Drone  
  32  2:48  Queen  
  35  2:54  Lair  
  35  3:00  Overlord  
  36  3:05  Drone  
  36  3:18  Drone x8  
  44  3:21  Extractor x2  
  42  3:33  Queen  
  44  3:37  Overlord  
  44  3:43  Overlord  
  44  3:54  Spire, Extractor  
  42  3:55  Drone  
  42  3:56  Drone x4  
  42  3:57  Drone  
  42  4:02  Drone x2  
  50  4:08  Queen  
  52  4:18  Queen  
  52  4:19  Overlord  
  54  4:30  Overseer  
  54  4:32  Overlord  
  54  4:33  Overlord  
  54  4:35  Drone x3  
  57  4:39  Drone x3  
  60  5:05  Mutalisk  
  60  5:06  Mutalisk x5  
  72  5:08  Overlord  
  72  5:09  Overlord  
  72  5:18  Hydralisk Den  
  71  5:23  Infestation Pit  
  71  5:24  Spore Crawler  
  69  5:28  Mutalisk  
  71  5:42  Drone  
  72  5:45  Hatchery  
  72  5:48  Mutalisk  
  72  5:49  Mutalisk  
  75  6:03  Queen x2  
  79  6:09  Evolution Chamber  
  79  6:10  Evolution Chamber  
  86  6:32  Swarm Host  
  92  6:39  Overlord  
  92  6:40  Overlord  
  92  6:41  Burrow  
  92  6:46  Overseer  
  90  6:49  Drone  
  90  6:50  Drone x2  
  92  6:55  Spore Crawler  
  92  6:59  Drone x4  
  98  7:16  Drone x4  
  102  7:27  Overlord  
  102  7:41  Drone x10  
  102  7:42  Extractor  
  111  7:44  Extractor  
  110  7:51  Mutalisk x4  
  118  7:59  Overlord x2  
  118  8:01  Queen x7  
  117  8:06  Hive  
  117  8:22  Drone x9  
  117  8:23  Lurker Den  
  129  9:07  Swarm Host x2  
  127  9:19  Mutalisk  
  127  9:20  Mutalisk x4  
  135  9:32  Ultralisk Cavern  
  135  9:37  Hydralisk x2  
  138  9:48  Adrenal Glands  
  138  9:50  Hatchery  
  138  9:51  Evolution Chamber  
  138  9:52  Zergling x2  
  137  9:53  Zergling x2  
  137  9:57  Overlord x2  
  132  10:02  Mutalisk x2  
  136  10:08  Drone x2, Overlord x2  
  138  10:14  Overlord  
  138  10:18  Zerg Flyer Weapons Level 1, Zerg Melee Weapons Level 1  
  138  10:22  Chitinous Plating  
  138  10:23  Overseer  
  138  10:24  Drone  
  138  10:25  Drone x6  
  145  10:34  Extractor  
  140  10:37  Extractor  
  140  10:40  Drone x2  
  140  10:41  Ultralisk  
  146  10:44  Lurker  
  146  10:46  Drone x3  
  146  10:47  Drone x2  
  146  10:48  Drone  
  153  11:09  Ultralisk  
  162  11:12  Zergling x2  
  162  11:13  Zergling x12  
  169  11:22  Lurker  
  169  11:25  Ultralisk  
  175  11:48  Zergling x2  
  175  11:50  Overlord  
  175  11:52  Hatchery  
  175  12:03  Overlord  
  175  12:04  Overlord x2  
  175  12:21  Zerg Melee Weapons Level 2  
  175  12:24  Evolution Chamber  
  175  12:29  Ultralisk x4  
  191  12:44  Zergling x22  
  181  12:50  Extractor x2  
  191  13:04  Ultralisk  
  195  13:32  Ultralisk  
  197  13:37  Drone x2  
  197  13:38  Drone x8  
  197  13:52  Drone x3  
  197  13:53  Drone x2  
  193  14:06  Overlord  
  193  14:07  Overlord  
  190  14:13  Drone x2  
  190  14:14  Drone x4  
  163  14:38  Ultralisk  
  163  14:39  Ultralisk x6  
  171  14:59  Zergling x16  
  121  15:07  Ultralisk  
  127  15:14  Ultralisk  
  115  15:35  Ultralisk  
  103  15:50  Drone x3  
  94  16:02  Drone  
  53  16:32  Zergling x2  
  53  16:33  Zergling x8  
  51  16:42  Drone x2  
  41  17:01  Mutalisk  
  43  17:09  Mutalisk  
  45  17:19  Mutalisk  
  47  17:28  Mutalisk  
  48  17:30  Drone  
  45  17:39  Mutalisk  
  47  17:57  Drone x3  
  50  18:15  Drone x4  
Tags
 
Add a new tag
Caveats
  • Supply blocks, unpowered buildings, or Contaminate may cause inaccurate times.
  • Supply counts are checked every 10 seconds.